 Dungeon Crawl Stone Soup version 0.26-a0-846-gcc8f1ee719 (webtiles) character file.

Game seed: 5205569966512983415

200 jiml777 the Magician (level 5, 0/28 HPs)
             Began as a Deep Elf Air Elementalist on Nov 20, 2020.
             Slain by a river rat (8 damage)
             ... in a sewer.
             The game lasted 00:22:12 (2820 turns).

jiml777 the Magician (Deep Elf Air Elementalist)    Turns: 2820, Time: 00:22:12

Health: 0/28       AC:  5    Str:  5    XL:     5   Next: 49%
Magic:  1/14       EV: 13    Int: 21    God:
Gold:   172        SH:  0    Dex: 15    Spells: 13/14 levels left

rFire    . . .     SeeInvis +   d - -2 short sword (curse)
rCold    . . .     Faith    .   (no shield)
rNeg     . . .     Spirit   .   a - +0 robe
rPois    .         Reflect  .   j - +0 helmet
rElec    .         Harm     .   (no cloak)
rCorr    .         Rampage  .   (no gloves)
MR       .....                  h - +1 pair of boots
Stlth    ++........             (no amulet)
HPRegen  0.09/turn              n - ring of see invisible
MPRegen  0.14/turn              (no ring)

@: no status effects
A: no striking features
a: no special abilities


You were in a sewer.
You visited 1 branch of the dungeon, and saw 3 of its levels.
You also visited: Sewer.

You collected 172 gold pieces.

Inventory:

Hand Weapons
 d - a cursed -2 short sword (weapon)
 k - a +1 dagger of flaming
 l - a +0 dagger of speed
Missiles
 i - 25 arrows
Armour
 a - a +0 robe (worn)
 h - a +1 pair of boots (worn)
 j - a +0 helmet (worn)
Jewellery
 n - a ring of see invisible (left hand)
Scrolls
 b - a scroll of fear
 f - 2 scrolls of identify
Potions
 c - a potion of heal wounds {unknown}
 g - a potion of degeneration {unknown}


   Skills:
 + Level 3.0 Dodging
 + Level 3.0 Stealth
 + Level 5.4 Spellcasting
 + Level 2.7 Conjurations
 + Level 4.0 Air Magic


You had 13 spell levels left.
You knew the following spells:

 Your Spells              Type           Power        Failure   Level
a - Shock                 Conj/Air       ###.         2%          1

Your spell library contained the following spells:

 Spells                   Type           Power        Failure   Level
 Swiftness                Air            ###.....     3%          2
 Static Discharge         Conj/Air       ###.....     8%          3
 Airstrike                Air            ###.......   19%         4
 Lightning Bolt           Conj/Air       ###.......   56%         5


Dungeon Overview and Level Annotations

Branches:
Dungeon (3/15)              Sewer (1/1)

Altars:


Message History

You hit the river rat but do no damage.
The river rat is severely wounded.
The river rat misses you.
You hit the river rat but do no damage.
The river rat is severely wounded.
The river rat closely misses you.
You hit the river rat.
The river rat is almost dead.
The river rat bites you.
You hit the river rat.
The river rat is almost dead.
The river rat closely misses you.
You closely miss the river rat.
The river rat is almost dead.
The river rat bites you.
* * * LOW HITPOINT WARNING * * *
You closely miss the river rat.
The river rat is almost dead.
The river rat bites you!
You die...

###################
###.#≈≈≈≈≈≈@r≈≈≈≈≈≈≈#..
##...≈≈≈#≈≈≈≈≈≈≈#≈≈≈rrr.
#.....≈≈≈#≈≈≈≈≈≈≈≈≈≈≈≈.r
#....≈≈≈≈≈≈≈≈≈≈≈≈≈≈≈≈≈..
##....≈≈≈≈≈≈≈≈≈≈≈≈≈≈≈≈...
#.....#≈≈≈≈≈≈≈≈≈≈≈≈≈≈≈#r#
#....################## #
##...## #...##


You could see a river rat.

Vanquished Creatures
  An orc priest (D:3)
  Robin (D:3)
  3 adders
  5 river rats
  2 worms
  3 dart slugs
  2 leopard geckos (D:3)
  4 orcs (D:3)
  A giant cockroach (D:1)
  17 goblins
  7 hobgoblins
  4 jackals (D:1)
  3 ball pythons
  5 bats
  2 frilled lizards
  5 kobolds
  11 rats
76 creatures vanquished.

Notes
Turn   | Place    | Note
-------+----------+-------------------------------------------
     0 | D:1      | jiml777 the Deep Elf Air Elementalist began the quest for
                  | the Orb.
     0 | D:1      | Reached XP level 1. HP: 10/10 MP: 6/6
   421 | D:1      | Reached XP level 2. HP: 15/15 MP: 1/8
  1097 | D:2      | Reached XP level 3. HP: 11/19 MP: 3/10
  1376 | D:2      | Reached skill level 4 in Spellcasting
  1472 | D:2      | Found a faded altar of an unknown god.
  2079 | D:3      | Reached XP level 4. HP: 23/24 MP: 2/12
  2190 | D:3      | Noticed Robin
  2195 | D:3      | Killed Robin
  2449 | D:3      | Reached XP level 5. HP: 28/28 MP: 11/14
  2473 | D:3      | Reached skill level 5 in Spellcasting
  2530 | D:3      | Found a glowing drain.
  2534 | Sewer    | Entered a sewer
  2820 | Sewer    | Slain by a river rat

Illustrated notes

Levels and vault maps discovered:
D:1:      tarquinn_simple_flora_water_e, layout_basic
D:2:      layout_rooms, chequers_ecumenical_altar_twisty
D:3:      layout_loops_ring, gup_sewer_entry_bowl, trog_book, uniq_robin,
          uniq_terence, uniq_sigmund
Sewer:    sewer_minmay_w

Skill      XL: |  1  2  3  4  5 |
---------------+----------------+-----
Spellcasting   | 4 5 |  5.4
Conjurations   | 2 |  2.7
Dodging        | 3 |  3.0
Stealth        | 3 |  3.0
Air Magic      | 4 |  4.0

Action                   |  1- 3 |  4- 6 || total
-------------------------+-------+-------++-------
Melee: Short sword       |       |    15 ||    15
 Cast: Shock             |    86 |    62 ||   148
  Use: Scroll            |     3 |     1 ||     4
       Potion            |       |     3 ||     3
Armor: Robe              |     6 |     5 ||    11
Dodge: Dodged            |    20 |    39 ||    59

Table legend: (Time is in decaauts)
 A = Elapsed time spent in this place.
 B = Non-inter-level travel time spent in this place.
 C = Inter-level travel time spent in this place.
 D = Time resting spent in this place.
 E = Time spent auto-exploring this place.
 F = Levels seen in this place.
 G = Mean time per level.
                   A        B        C        D        E       F      G
               +--------+--------+--------+--------+--------+-----+--------+
         Total |   2840 |   2758 |     82 |   1359 |    734 |   4 |  710.0 |
       Dungeon |   2537 |   2455 |     82 |   1170 |    734 |   3 |  845.7 |
         Sewer |    303 |    303 |      0 |    189 |      0 |   1 |  303.0 |
               +--------+--------+--------+--------+--------+-----+--------+

Top non-repeatable levels by time:
     D:1: 1050 daAuts
     D:2: 954 daAuts
     D:3: 532 daAuts
   Sewer: 303 daAuts
